 Dungeon Crawl Stone Soup version 0.18-a0-1577-gf591c28 (webtiles) character file.

211 M4edhros the Poker (level 5, -2/34 HPs)
             Began as an Octopode Wanderer on Mar 17, 2016.
             Slain by a gnoll sergeant
             ... wielding a +0 spear
              (10 damage)
             ... on level 4 of the Dungeon.
             The game lasted 00:04:14 (3262 turns).

M4edhros the Poker (Octopode Wanderer)              Turns: 3262, Time: 00:04:16

Health: -2/34      AC:  1    Str:  9    XL:     5   Next: 88%
Magic:  5/5        EV: 14    Int: 18    God:
Gold:   163        SH:  0    Dex: 16    Spells: 0 memorised, 4 levels left

rFire  . . .     SeeInvis .     t - +2 rapier (venom)
rCold  . . .     Gourm    .     (no shield)
rNeg   . . .     Faith    .     (helmet restricted)
rPois  .         Spirit   .     (no amulet)
rElec  .         Dismiss  .     l - ring of protection from magic
rCorr  .         Reflect  .     (no ring)
SustAt .         Harm     .     (no ring)
MR     +....                    (no ring)
Stlth  +++.......               (no ring)
                                (no ring)
                                (no ring)
                                (no ring)

@: brilliant, about to teleport, flying, somewhat resistant to hostile
enchantments, fairly stealthy
A: almost no armour, amphibious, 8 rings, constrict 8, camouflage 1, gelatinous
body 1
a: no special abilities


You were on level 4 of the Dungeon.
You were not hungry.

You visited 1 branch of the dungeon, and saw 4 of its levels.

You collected 163 gold pieces.

Inventory:

Hand Weapons
 a - a +2 spear
 j - a +0 hunting sling
 t - a +2 rapier of venom (weapon)
Missiles
 o - 83 stones (quivered)
Jewellery
 l - a ring of protection from magic (left tentacle)
Wands
 m - a wand of polymorph (10/24)
Scrolls
 b - 3 scrolls of teleportation
 d - 3 scrolls of identify {unknown}
 e - a scroll of magic mapping {unknown}
 g - a scroll of noise {unknown}
 i - a scroll of remove curse {unknown}
 n - 2 scrolls of blinking {unknown}
Potions
 k - a potion of cure mutation
Comestibles
 c - a bread ration
 f - a beef jerky
 r - 3 fruits


   Skills:
 - Level 2.0 Fighting
 + Level 4.9 Polearms
 * Level 2.8(3.0) Slings
 - Level 1.0(2.0) Throwing
 * Level 3.6 Dodging
 - Level 1.3 Stealth
   Level 1.0 Shields


You had 4 spell levels left.
You didn't know any spells.

Dungeon Overview and Level Annotations

Branches:
Dungeon (4/15)
 Temple: D:4-7

Altars:
Ashenzari
Ru

Annotations:
D:3 exclusion: ice beast


Innate Abilities, Weirdness & Mutations

You cannot wear most types of armour.
You are amphibious.
You can wear up to eight rings at the same time.
You can use your tentacles to constrict eight enemies at once.
Your skin changes colour to match your surroundings (Stealth).
Your rubbery body absorbs attacks (AC +1).


Message History

The gnoll sergeant barely misses you. The gnoll closely misses you.
Drink which item? (? for menu, Esc to quit)
It was a potion of heal wounds.
You feel much better.
You constrict the gnoll sergeant. The gnoll sergeant closely misses you.
The gnoll barely misses you.
You hit the gnoll sergeant but do no damage.
The gnoll sergeant is poisoned.
The gnoll sergeant is lightly wounded.
You constrict the gnoll sergeant, but do no damage.
The gnoll sergeant barely misses you.
The gnoll hits you from afar with a spear!
The gnoll sergeant hits you with a spear!
Read which item? (? for menu, Esc to quit)
As you read the scroll of teleportation, it crumbles to dust.
You feel strangely unstable.
You constrict the gnoll sergeant, but do no damage.
The gnoll hits you from afar with a spear.
* * * LOW HITPOINT WARNING * * *
The gnoll sergeant hits you with a spear!
You die...

.####...........##...........##.#
.##.............##########......#
......###.......# ##.#####
....### ##.....## #.## ..###
#.....# #..# ..# #..#### ##.# .##
#..# ### ## #.## .# #..# ##.# .##
##.# ## #..# #.@##..# #.# #
#..#####g.##########.## #
#.g[..##g.##..........##
#.###...##..............
########.# ###.##.#............
.........# ####......>......†
8..8..g..# #..............
......#.g# #..............
.........# ##.............


You could see a gnoll sergeant and a gnoll.

Vanquished Creatures
  Ijyb (D:2)
  An iguana (D:4)
  Robin (D:2)
  3 gnolls (D:3)
  5 adders
  A worm (D:3)
  2 dart slugs
  A giant gecko (D:1)
  6 orcs (D:3)
  2 giant cockroaches
  10 goblins
  10 hobgoblins
  5 jackals
  5 bats
  3 giant newts
  4 kobolds
  5 rats
  A plant (D:1)
66 creatures vanquished.

Notes
Turn   | Place    | Note
--------------------------------------------------------------
     0 | D:1      | M4edhros the Octopode Wanderer began the quest for the Orb.
     0 | D:1      | M4edhros set off with: a +2 spear, 2 scrolls of teleportation, a bread ration
     0 | D:1      | Reached XP level 1. HP: 14/14 MP: 1/1
   297 | D:1      | Reached XP level 2. HP: 19/19 MP: 2/2
  1035 | D:2      | Noticed Robin
  1064 | D:2      | Reached XP level 3. HP: 17/24 MP: 3/3
  1066 | D:2      | Reached skill level 1 in Slings
  1072 | D:2      | Killed Robin
  1109 | D:2      | Noticed Ijyb
  1205 | D:2      | Killed Ijyb
  1205 | D:2      | Reached XP level 4. HP: 18/29 MP: 4/4
  1286 | D:2      | Found a sacrificial altar of Ru.
  1392 | D:2      | Found a shattered altar of Ashenzari.
  1814 | D:3      | Reached XP level 5. HP: 19/34 MP: 5/5
  2046 | D:3      | Noticed an ice beast
  3113 | D:4      | Noticed a slave
  3113 | D:4      | Noticed a slave
  3113 | D:4      | Noticed a slave
  3262 | D:4      | Slain by a gnoll sergeant

Vault maps used:
D:1:      roderic_crop_circles_arrival_small, serial_forest,
          infiniplex_forest_lined_room_2, infiniplex_forest_diagonal,
          infiniplex_forest_end_2, infiniplex_forest_clump_double,
          infiniplex_forest_lined_room_
D:2:      lemuel_doored_altar, nicolae_ru_sacrificial_ziggurat, uniq_iyjb,
          uniq_robin
D:4:      nicolae_overflow_crystal_walls, gammafunk_temple_overflow_elements,
          temple_hall, first_bread, minmay_misc_feat_four_crosses, st_stairs_7,
          minmay_rat_hole, uniq_sigmund, uniq_pikel

Skill      XL: |  1  2  3  4  5 |
---------------+----------------+-----
Slings         | 1 2 |  2.8
Dodging        | 2 3 |  3.6
Fighting       | |  2.0
Polearms       | |  4.9
Throwing       | |  1.0
Stealth        | |  1.3
Shields        | |  1.0

Action                   |  1- 3 |  4- 6 || total
-------------------------+-------+-------++-------
Melee: Spear             |    76 |    62 ||   138
       Rapier            |       |    27 ||    27
  Use: Potion            |       |     4 ||     4
       Scroll            |       |     1 ||     1
 Stab: Sleeping          |     6 |     9 ||    15
  Eat: Chunk             |     1 |     6 ||     7
